 Dungeon Crawl Stone Soup version 0.19.0-22-gd96e5fe (webtiles) character file.

2695 esc the Slinger (level 9, -7/62 HPs)
             Began as a Demonspawn Hunter on Nov 18, 2016.
             Was a Follower of Uskayaw.
             Mangled by an ogre
             ... wielding a +0 giant club
              (21 damage)
             ... on level 8 of the Dungeon.
             The game lasted 00:22:23 (8033 turns).

esc the Slinger (Demonspawn Hunter)                 Turns: 8033, Time: 00:22:24

Health: -7/62      AC:  5    Str: 15    XL:     9   Next: 38%
Magic:  9/9        EV: 12    Int: 19    God:    Uskayaw [*.....]
Gold:   234        SH:  3    Dex: 13    Spells: 2 memorised, 4 levels left

rFire  . . .     SeeInvis .     a - +2 hunting sling
rCold  . . .     Gourm    .     c - +0 leather armour
rNeg   . . .     Faith    .     (no shield)
rPois  .         Spirit   .     (helmet restricted)
rElec  .         Reflect  +     l - +0 cloak
rCorr  .         Harm     .     (no gloves)
MR     .....                    (no boots)
Stlth  +.........               y - +3 amulet of reflection
                                p - +5 ring of intelligence
                                n - ring of flight {+Fly, !d}

@: repel missiles
A: horns 1, rugged brown scales 1, demonic guardian 1, spiny 2
a: Stomp, Renounce Religion, Evoke Flight


You were on level 8 of the Dungeon.
You worshipped Uskayaw.
Uskayaw was noncommittal.
You were not hungry.

You visited 2 branches of the dungeon, and saw 10 of its levels.
You also visited: Bailey.

You collected 234 gold pieces.

Inventory:

Hand Weapons
 a - a +2 hunting sling (weapon)
 b - a +0 short sword
 i - a +0 whip of electrocution
   (You took it off Pikel on level 7 of the Dungeon)
Missiles
 d - 95 sling bullets
 h - 118 stones (quivered)
 v - 4 curare-tipped needles
Armour
 c - a +0 leather armour (worn)
 l - a +0 cloak (worn)
   (You took it off Crazy Yiuf on level 2 of the Dungeon)
 s - a +0 buckler
   (You found it on level 4 of the Dungeon)
Jewellery
 n - a ring of flight (left hand) {+Fly, !d}
   (You found it on level 1 of the Dungeon)
 p - a +5 ring of intelligence (right hand)
   (You found it on level 4 of the Dungeon)
 y - a +3 amulet of reflection (around neck)
   (You found it on level 2 of the Dungeon)
Scrolls
 k - a scroll of enchant armour {unknown}
 m - 4 scrolls of identify
 o - a scroll of enchant weapon
 t - a scroll of fog
 x - a scroll of teleportation {unknown}
 z - a scroll of amnesia
 F - a scroll of fear {unknown}
Potions
 e - a potion of magic
 g - a potion of cure mutation {!q}
 j - 3 potions of brilliance
 r - a potion of flight {unknown}
 w - 2 potions of lignification {unknown}
 A - a potion of cancellation {unknown}
 D - a potion of curing
Books
 u - a book of Minor Magic
   (You found it on level 4 of the Dungeon)
 C - a book of Geomancy
   (You found it on level 7 of the Dungeon)
Comestibles
 f - 7 bread rations {@e1}
 q - 3 meat rations {@e2}


   Skills:
 - Level 2.0 Fighting
 + Level 12.1 Slings
 - Level 1.7 Dodging
 - Level 0.8 Stealth


You had 4 spell levels left.
You knew the following spells:

 Your Spells              Type           Power        Failure   Level  Hunger
b - Blink                 Tloc           N/A          38%         2    ###....
d - Repel Missiles        Chrm/Air       #.....       38%         2    ###....


Dungeon Overview and Level Annotations

Branches:
Dungeon (9/15)             Temple (1/1) D:4
   Lair: D:8-11         Orc: D:9-12

Altars:
Cheibriados
Fedhas
Makhleb
Uskayaw
Yredelemnul
The Shining One

Shops:
D:4 =   D:7 :

Annotations:
D:8 DEFE's ghost, novice HOFi
D:9 Prince Ribbit; magipi's ghost, novice TrHu


Innate Abilities, Weirdness & Mutations

You have a pair of small horns on your head.
You are partially covered in rugged brown scales. (AC +1, +3% HP)
A weak demonic guardian rushes to your aid.
You are mostly covered in sharp spines.


Message History

You take 2 damage, and have 60/62 hp.
An ice beast comes into view.
You feel sick.
The ice beast moves out of view.
You take 1 damage, and have 59/62 hp.
You feel sick.
DEFE's ghost whispers, "The ORB doesn't exist."
You take 1 damage, and have 58/62 hp.
An iguana comes into view.
DEFE's ghost says very slowly, "There's no hope."
The adder is struck by your spines.
You kill the adder!
The iguana hisses angrily.
The ice beast is struck by your spines. The ice beast misses you.
You feel sick. The ice beast misses you.
The ice beast is struck by your spines. The ice beast hits you.
The ice beast freezes you!
DEFE's ghost barely misses your shadow imp.
Your shadow imp hits the ice beast.
You can now pass through a line of other dancers.
You take 9 damage, and have 49/62 hp.
You feel sick.
The ice beast closely misses your shadow imp.
DEFE's ghost hits your shadow imp!
Your shadow imp hits the ice beast.
You take 1 damage, and have 48/62 hp.
The ice beast hits your shadow imp but does no damage.
The ice beast barely misses your shadow imp.
DEFE's ghost hits your shadow imp!!
Your shadow imp dies!
Your white imp hits the ice beast but does no damage.
The ice beast barely misses your white imp.
Your white imp hits the ice beast but does no damage.
You can no longer pass through a line of other dancers.
You feel sick.
The ice beast closely misses your white imp.
Your white imp barely misses the ice beast.
You take 1 damage, and have 48/62 hp.
Aim: an iguana You shoot a stone.
The stone barely misses the iguana.
The ice beast hits your white imp but does no damage.
Your white imp hits the ice beast.
Your white imp freezes the ice beast.
The ice beast completely resists.
The ice beast hits your white imp. The ice beast freezes your white imp.
Your white imp resists.
Your white imp hits the ice beast but does no damage.
The ice beast hits your white imp. The ice beast freezes your white imp.
Your white imp resists.
You feel sick. The iguana bites you.
Your white imp hits the ice beast but does no damage.
The ice beast barely misses your white imp.
You take 5 damage, and have 43/62 hp.
An orc comes into view. It is wielding a mace.
DEFE's ghost hits you.
You take 3 damage, and have 40/62 hp.
The iguana is struck by your spines. The iguana bites you!
You take 7 damage, and have 33/62 hp.
You feel sick.
You take 1 damage, and have 32/62 hp.
Aim: an orc, wielding a mace You shoot a stone.
The stone hits the orc.
The ice beast is struck by your spines. The ice beast misses you.
Aim: an orc, wielding a mace (heavily wounded)
You shoot a stone. The stone hits the orc.
The orc is struck by your spines.
You kill the orc!
The ice beast hits you. The ice beast freezes you!
You take 8 damage, and have 24/62 hp.
Things that are here:
a mace; 2 stones; an orc corpse You feel sick.
You are no longer poisoned.
Your white imp hits the iguana but does no damage.
The ice beast barely misses your white imp.
You take 1 damage, and have 23/62 hp.
A giant cockroach comes into view.
An ogre comes into view. It is wielding a giant club.
The ogre shouts!
Your white imp gestures at the iguana.
The puff of frost hits the iguana.
Your white imp disappears in a puff of smoke!
Your ufetubus hits the giant cockroach. x2
The giant cockroach dies!
Your ufetubus hits the ice beast. x2
Your ufetubus hits the ice beast. Your ufetubus misses the ice beast.
Your ufetubus hits the iguana.
The iguana dies!
As you read the scroll labeled YDYXZIAXT HAFO, it crumbles to dust.
It is a scroll of enchant weapon.
Your +1 hunting sling glows red for a moment.
Your ufetubus hits the ice beast but does no damage.
Your ufetubus closely misses the ice beast.
The ogre is struck by your spines. The ogre misses you.
As you read the scroll labeled SUWIUVEL LIURR, it crumbles to dust.
You speak a Word of immense power!
You are blasted by holy energy!
* * * LOW HITPOINT WARNING * * *
DEFE's ghost convulses!
Your ufetubus convulses!
You kill your ufetubus!
It was a scroll of holy word.
DEFE's ghost is lost in a daze.
The ogre is struck by your spines. The ogre hits you with a giant club!!
You die...

#.###### #>.....# .#
#......#### ###.## ##.........
## #.....# #.....### #.
##....... #...†.# #. #.......(
#.....#######. #..../...
####..........######...?...:
###..........@OWY.†........
.###..........########........
.....#.......#########........
...............Y..l...........
.#####..(....#########........
#.......# #........ #...$...#
#........ #.......# ##.......
#.......# #.....#


You could see an ice beast, an ogre and DEFE's ghost (dazed).

Vanquished Creatures
  A deep elf mage (Bailey)
  Pikel (D:7)
  Grinder (D:5)
  A spriggan (D:7)
  Sigmund (D:3)
  A sky beast (D:7)
  An ice beast (D:7)
  2 ogres
  2 slaves (D:7)
  A crocodile (D:7)
  A big kobold (D:5)
  A scorpion (D:7)
  2 crimson imps (D:5)
  A hound (D:5)
  Crazy Yiuf (D:2)
  Jessica (D:3)
  An iguana (D:5)
  2 orc wizards (D:3)
  5 worker ants
  6 gnolls
  2 howler monkey skeletons
  12 adders
  2 oozes
  An adder skeleton (D:4)
  A worm (D:5)
  3 dart slugs
  3 leopard geckos
  7 orcs
  13 bats
  4 giant cockroaches
  7 hobgoblins
  12 jackals
  4 quokkas
  2 ball pythons
  7 frilled lizards
  7 goblins
  6 kobolds
  6 rats
132 creatures vanquished.

Vanquished Creatures (collateral kills)
  A deep elf mage (Bailey)
  A bullfrog (D:3)
  A gnoll sergeant (D:5)
  A crimson imp (D:7)
  An iguana (D:8)
  A gnoll (D:5)
  An adder (D:3)
  An adder skeleton (D:6)
  An orc (D:3)
  A giant cockroach (D:8)
  A ball python (D:3)
  2 kobolds (D:6)
13 creatures vanquished.

Vanquished Creatures (others)
  A slave (D:7)
  A bullfrog (D:7)
2 creatures vanquished.

Grand Total: 147 creatures vanquished

Notes
Turn   | Place    | Note
-------+----------+-------------------------------------------
     0 | D:1      | esc the Demonspawn Hunter began the quest for the Orb.
     0 | D:1      | Reached XP level 1. HP: 16/16 MP: 1/1
    45 | D:1      | Reached skill level 4 in Slings
    46 | D:1      | Gained mutation: You are partially covered in sharp spines. [demonic ancestry]
    46 | D:1      | Reached XP level 2. HP: 19/22 MP: 2/2
   447 | D:1      | Reached XP level 3. HP: 27/27 MP: 3/3
   783 | D:2      | You fall through a shaft!
   889 | D:3      | Noticed Grinder
   892 | D:3      | Paralysed by Grinder for 6 turns
  1232 | D:4      | Reached skill level 5 in Slings
  1398 | D:4      | Gained mutation: A weak demonic guardian rushes to your aid. [demonic ancestry]
  1398 | D:4      | Reached XP level 4. HP: 33/33 MP: 4/4
  1497 | D:4      | Found Rygrud's Jewellery Emporium.
  1533 | D:4      | Found a staircase to the Ecumenical Temple.
  1563 | Temple   | Entered the Ecumenical Temple
  1568 | Temple   | Became a worshipper of Uskayaw the Reveler
  1893 | D:4      | Reached * piety under Uskayaw
  2058 | D:4      | Learned a level 2 spell: Repel Missiles
  2091 | D:5      | Entered Level 5 of the Dungeon
  2185 | D:5      | Reached ** piety under Uskayaw
  2189 | D:5      | HP: 8/33 [poisoned by a worker ant]
  2472 | D:5      | Noticed a gnoll sergeant
  2486 | D:5      | Reached XP level 5. HP: 17/38 MP: 5/5
  2706 | D:3      | Reached skill level 6 in Slings
  2717 | D:3      | Noticed Sigmund
  3021 | D:3      | Noticed Jessica
  3036 | D:3      | Killed Jessica
  3299 | D:3      | Gained mutation: You are partially covered in rugged brown scales. (AC +1, +3% HP) [demonic ancestry]
  3299 | D:3      | Reached XP level 6. HP: 21/45 MP: 6/6
  3313 | D:3      | HP: 11/45 [orc/hand axe (3)]
  3319 | D:2      | HP: 9/45 [orc/dagger (3)]
  4170 | D:2      | Reached skill level 7 in Slings
  4375 | D:2      | Found a runed door.
  4399 | D:2      | Noticed Crazy Yiuf
  4413 | D:2      | Killed Crazy Yiuf
  4520 | D:3      | Killed Sigmund
  4819 | D:5      | Reached XP level 7. HP: 50/51 MP: 7/7
  4819 | D:5      | Reached *** piety under Uskayaw
  4899 | D:5      | Paralysed by Grinder for 2 turns
  4932 | D:4      | HP: 9/51 [gnoll/whip (5)]
  5358 | D:5      | Reached skill level 8 in Slings
  5410 | D:5      | Paralysed by Grinder for 2 turns
  5413 | D:5      | Killed Grinder
  5660 | D:5      | Reached skill level 9 in Slings
  5862 | D:6      | Gained mutation: You have a pair of small horns on your head. [demonic ancestry]
  5862 | D:6      | Reached XP level 8. HP: 48/57 MP: 8/8
  5881 | D:6      | Reached **** piety under Uskayaw
  6463 | D:7      | Found a flagged portal.
  6477 | D:7      | Reached skill level 10 in Slings
  6498 | Bailey   | Entered a bailey
  6519 | Bailey   | Noticed a deep elf mage
  6531 | Bailey   | Killed a deep elf mage
  6531 | Bailey   | HP: 14/57 [burnt (6)]
  6786 | Bailey   | Noticed a deep elf mage
  6798 | Bailey   | Killed a deep elf mage
  6798 | Bailey   | Reached skill level 11 in Slings
  6801 | Bailey   | Noticed a deep elf mage
  6801 | Bailey   | Noticed a deep elf mage
  6802 | Bailey   | Noticed a deep elf mage
  6802 | Bailey   | Noticed a deep elf mage
  6964 | D:7      | Gained mutation: You are mostly covered in sharp spines. [demonic ancestry]
  6964 | D:7      | Reached XP level 9. HP: 62/62 MP: 9/9
  7042 | D:7      | Noticed Pikel
  7149 | D:7      | Killed Pikel
  7457 | D:7      | Learned a level 2 spell: Blink
  7738 | D:7      | Reached skill level 12 in Slings
  7822 | D:7      | Found Mumpum's Book Boutique.
  7943 | D:8      | Noticed DEFE's ghost (novice HOFi)
  7991 | D:9      | Noticed Prince Ribbit
  7991 | D:9      | Noticed magipi's ghost (novice TrHu)
  8033 | D:8      | HP: 14/62 [scroll of holy word (12)]
  8033 | D:8      | Mangled by an ogre

Skill      XL: |  1  2  3  4  5  6  7  8  9 |
---------------+----------------------------+-----
Slings         | 4 5 6 7 9 11 12 | 12.1
Fighting       | |  2.0
Dodging        | |  1.7
Stealth        | |  0.8

Action                   |  1- 3 |  4- 6 |  7- 9 || total
-------------------------+-------+-------+-------++-------
Melee: Hunting sling     |       |     1 |       ||     1
       Battleaxe         |       |       |     5 ||     5
       Headbutt          |       |       |     1 ||     1
 Fire: Hunting sling     |   129 |   238 |   315 ||   682
 Cast: Repel Missiles    |       |     1 |     1 ||     2
Invok: Stomp             |       |     1 |     1 ||     2
  Use: Scroll            |     7 |     3 |     2 ||    12
       Potion            |       |     5 |     1 ||     6
  Eat: Chunk             |     1 |    10 |     5 ||    16
       Fruit             |       |     1 |     3 ||     4
       Bread ration      |       |       |     1 ||     1
Armor: Leather armour    |    10 |    19 |    15 ||    44
Dodge: Dodged            |    21 |    62 |    44 ||   127
       Deflected         |       |     1 |       ||     1
Block: Other             |       |       |    18 ||    18
       Reflection        |       |       |     2 ||     2

Vault maps used:
D:1:      noname_arrival_rooms_in_the_neighbourhood
D:2:      first_bread, uniq_crazy_yiuf_cottage
D:3:      uniq_jessica, uniq_sigmund, uniq_grinder
D:4:      serial_shops, shop, bh_walls_and_bars
D:6:      serial_shops, shop
D:7:      serial_shops, shop, enter_bailey_7, the_bakery, uniq_pikel
D:8:      lair_0_dummy
D:9:      nicolae_whirlpool, erik_orc_1, uniq_prince_ribbit1
Temple:   nicolae_temple_the_god_donut
Bailey:   bailey_polearm_3, bailey

Table legend:
 A = Turns spent in this place as a percentage of turns spent in the entire game.
 B = Non-inter-level travel turns spent in this place as a percentage of non-inter-level travel turns spent in the entire game.
 C = Inter-level travel turns spent in this place as a percentage of turns spent in this place.
 D = Turns resting spent in this place as a percentage of non-inter-level travel turns spent in this place.
 E = Turns spent auto-exploring this place as a percentage of non-inter-level travel turns spent in this place.
 F = Non-inter-level travel turns spent in this place divided by the number of levels of this place that you've seen.
                   A       B       C       D       E      F
               +-------+-------+-------+-------+-------+----------------------
         Total | 100.0 | 100.0 |   0.6 |   3.1 |   9.7 | 178.1
       Dungeon |  97.1 |  97.0 |   0.6 |   2.9 |  10.0 | 211.2
        Temple |   0.6 |   0.6 |   0.0 |   0.0 |   0.0 |  11.0
        Bailey |   2.4 |   2.4 |   0.0 |   8.5 |   2.1 |  47.0
               +-------+-------+-------+-------+-------+----------------------

Table legend:
 A = Kills in this place as a percentage of kills in entire the game.
 B = Kills by you in this place as a percentage of kills by you in the entire game.
 C = Kills by friends in this place as a percentage of kills by friends in the entire game.
 D = Other kills in this place as a percentage of other kills in the entire game.
 E = Experience gained in this place as a percentage of experience gained in the entire game.
 F = Experience gained in this place divided by the number of levels of this place that you have seen.
                   A       B       C       D       E      F
               +-------+-------+-------+-------+-------+----------------------
         Total | 100.0 | 100.0 | 100.0 |  -nan | 100.0 | 350.0
       Dungeon |  98.6 |  99.2 |  92.3 |  -nan |  75.8 | 324.1
        Bailey |   1.4 |   0.8 |   7.7 |  -nan |  24.2 | 933.0
               +-------+-------+-------+-------+-------+----------------------
